 Dungeon Sprint DCSS version 0.31-a0-18-gea43df2a32 (webtiles) character file.

Game seed: 14931020819695134897

4 sircluck the Conjurer (level 1, -4/14 HPs)
             Began as a Demigod Conjurer on May 9, 2023.
             Slain by an ogre
             ... wielding a +0 giant club
              (18 damage)
             ... in the Dungeon (Sprint IX: "|||||||||||||||||||||||||||||").
             The game lasted 00:00:12 (89 turns).

sircluck the Conjurer (Demigod Conjurer)              Turns: 89, Time: 00:00:12

Health: -4/14      AC:  2    Str:  8    XL:     1   Next: 46%
Magic:  6/6        EV: 12    Int: 20    God:
Gold:   0          SH:  0    Dex: 12    Spells: 3/4 levels left

rFire   . . .        (no weapon)
rCold   . . .        (no shield)
rNeg    . . .        a - +0 robe
rPois   .            (no helmet)
rElec   .            (no cloak)
rCorr   .            (no gloves)
SInv    .            (no boots)
Will    .....        (no amulet)
Stlth   ++           (no ring)
HPRegen 0.22/turn    (no ring)
MPRegen 0.10/turn

%: no teleportation
@: no status effects
A: high MP 1, forlorn, divine attributes
a: no special abilities


You were in the Dungeon.
You visited 1 branch

Inventory:

Armour
 a - a +0 robe (worn)
Scrolls
 g - a scroll of blinking
Potions
 b - 3 potions of magic
 c - a potion of curing
 d - a potion of heal wounds
 e - a potion of haste
 f - a potion of berserk rage


   Skills:
 + Level 2.0 Dodging
 + Level 1.8 Stealth
 + Level 2.3 Spellcasting
 + Level 4.3 Conjurations


You had 3 spell levels left.
You knew the following spells:

 Your Spells              Type           Power      Damage    Failure   Level
a - Magic Dart            Conj           76%        1d6       2%          1

Your spell library contained the following spells:

 Spells                   Type           Power      Damage    Failure   Level
 Searing Ray              Conj           38%        2d5       4%          2
 Dazzling Flash           Conj/Hex       20%        N/A       19%         3
 Fulminant Prism          Conj/Hex       5%         3d6       54%         4
 Iskenderun's Mystic Bla  Conj/Tloc      10%        2d4       54%         4


Dungeon Overview and Level Annotations

Branches:
Dungeon (1/1)


Innate Abilities, Weirdness & Mutations

You have an increased reservoir of magic. (+10% MP)
You shall have no god before yourself.
Your divine heritage dramatically boosts your attributes as you level up.


Message History

The hobgoblin is lightly wounded.
The hobgoblin barely misses you.
You hit the hobgoblin but do no damage.
The hobgoblin is lightly wounded.
The hobgoblin barely misses you.
You hit the hobgoblin but do no damage.
The hobgoblin is lightly wounded.
The hobgoblin barely misses you.
You closely miss the hobgoblin.
The hobgoblin is lightly wounded.
The hobgoblin hits you but does no damage.
The magic dart hits the hobgoblin but does no damage.
The hobgoblin is lightly wounded.
The hobgoblin closely misses you.
The magic dart hits the hobgoblin but does no damage.
The hobgoblin is lightly wounded.
The hobgoblin completely misses you.
The magic dart hits the hobgoblin.
You kill the hobgoblin!
Your Dodging skill increases to level 2!
Your Conjurations skill increases to level 4!
The magic dart hits the hobgoblin.
The hobgoblin is almost dead.
The hobgoblin completely misses you.
The magic dart hits the hobgoblin.
You kill the hobgoblin!
You can't see any susceptible monsters within range! (Use Z to cast anyway.)
You can't see any susceptible monsters within range! (Use Z to cast anyway.) HP restored.
Magic restored.
There is an open door to the Dungeon here.
Things that are here:
a hobgoblin corpse; a rat corpse You open the door.
An orc, a centaur, a hound, a worm and an ogre come into view.
The ogre shouts!
The hound barks!
The centaur shouts!
The ogre attacks as you move away!
The ogre hits you with a +0 giant club!!
Ouch! That really hurt!
You die...

▓+▓
▓o▓
▓c▓
▓h▓
▓w▓
▓.▓
▓'▓
▓O▓
▓@▓
▓.▓
▓.▓
▓.▓
▓†▓
▓.▓
▓.▓
▓.▓
▓<▓


You could see an ogre, a centaur, a worm, a hound and an orc.

Vanquished Creatures
  2 hobgoblins (D)
  A frilled lizard (D)
  2 rats (D)
5 creatures vanquished.

Notes
Turn   | Place    | Note
-------+----------+-------------------------------------------
     0 | D        | sircluck the Demigod Conjurer began the quest for the Orb.
     0 | D        | Reached XP level 1. HP: 14/14 MP: 5/5
    34 | D        | Reached skill level 4 in Conjurations
    87 | D        | Noticed a centaur
    87 | D        | Noticed a hound
    87 | D        | Noticed an ogre
    89 | D        | Slain by an ogre

Illustrated notes

Levels and vault maps discovered:
D:        linesprint [early_d, line_temple, items_1, d_10, items_2, lair_1,
          lair_end, items_3, orc_1, orc_end, items_4, d_15, swamp_1, shoals_1,
          snake_1, spider_1, d_20, vaults_1, items_5, swamp_end, shoals_end,
          snake_end, spider_end, vaults_end, d_27, items_6, zot_1, zot_end,
          crypt_end, forest_end, elf_end, slime_end, tomb_end, abyss_end,
          pan_hell_end]

Skill      XL: |  1 |
---------------+----+-----
Spellcasting   | 2 |  2.3
Dodging        | 2 |  2.0
Conjurations   | 4 |  4.3
Stealth        | |  1.8

Action                     || total
---------------------------++-------
  Melee: Unarmed           ||    27
   Cast: Magic Dart        ||     5
 Armour: Robe              ||     5
  Dodge: Dodged            ||    16

Table legend: (Time is in decaauts)
 A = Elapsed time spent in this place.
 B = Non-inter-level travel time spent in this place.
 C = Inter-level travel time spent in this place.
 D = Time resting spent in this place.
 E = Time spent auto-exploring this place.
 F = Levels seen in this place.
 G = Mean time per level.
                   A        B        C        D        E       F      G
               +--------+--------+--------+--------+--------+-----+--------+
         Total |     89 |     89 |      0 |      0 |     51 |   1 |   89.0 |
       Dungeon |     89 |     89 |      0 |      0 |     51 |   1 |   89.0 |
               +--------+--------+--------+--------+--------+-----+--------+

Top non-repeatable levels by time:
       D: 89 daAuts
